 Dungeon Crawl Stone Soup version 0.13.0-19-g8e0b589 (webtiles) character file.

135 Psiweapon the Insei (level 3, -1/26 HPs)
             Began as a Demonspawn Transmuter on Oct 18, 2013.
             Slain by Terence
             ... wielding a +2,+2 dwarven short sword of flaming
              (5 damage)
             ... on Level 3 of the Dungeon on Oct 25, 2013.
             The game lasted 00:09:52 (2501 turns).

Psiweapon the Insei (Demonspawn Transmuter)         Turns: 2501, Time: 00:09:52

HP  -1/26        AC  5     Str 11      XL: 3   Next: 41%
MP   4/4         EV 12     Int 19      God:
Gold 91          SH  2     Dex 13      Spells:  1 memorised,  5 levels left

Res.Fire  : . . .   See Invis. : .     - Unarmed
Res.Cold  : + . .   Warding    : .   c - +0 robe
Life Prot.: . . .   Conserve   : .   (no shield)
Res.Poison: .       Res.Corr.  : .   (no helmet)
Res.Elec. : .       Clarity    : .   (no cloak)
Sust.Abil.: . .     Spirit.Shd : .   (no gloves)
Res.Mut.  : .       Stasis     : .   o - +0 pair of boots
Res.Rott. : .       Flight     : .   (no amulet)
Saprovore : . . .                    (no ring)
                                     q - ring of protection from cold {unknown}

@: brilliant, not resistant to hostile enchantments, unstealthy
A: AC +2, SH +2
a: no special abilities


You were on level 3 of the Dungeon.
You were near starving.

You visited 1 branch of the dungeon, and saw 5 of its levels.

You collected 71 gold pieces.

Inventory:

Hand weapons
 r - a +0,+0 sling
 D - a +0,+0 elven long sword
Missiles
 b - 12 arrows
 g - a dart (quivered)
Armour
 c - a +0 robe (worn)
 o - a +0 pair of boots (worn)
 v - a +0 elven ring mail
 y - a +1 leather armour
Comestibles
 a - 2 bread rations
 f - a meat ration
 l - an apple
Scrolls
 e - a scroll of remove curse {unknown}
 j - a scroll of fog {unknown}
 n - a scroll of magic mapping {unknown}
 p - a scroll of curse weapon {unknown}
 s - 2 scrolls of identify {unknown}
 t - 2 scrolls of teleportation {unknown}
 w - a scroll of blinking {unknown}
 A - a scroll of curse jewellery {unknown}
Jewellery
 q - a ring of protection from cold (left hand) {unknown}
Potions
 h - a potion of brilliance
 i - a potion of cure mutation
 k - a potion of heal wounds {unknown}
 m - a potion of mutation {unknown}
 u - a potion of poison {unknown}
 x - a potion of curing {unknown}
 B - a potion of invisibility {unknown}
Books
 d - a book of Changes

   Spells                             Type                      Level
   *Beastly Appendage                 Transmutation                1
   Sticks to Snakes                   Transmutation                2
   Spider Form                        Transmutation/Poison         3
   Ice Form                           Ice/Transmutation            4
   Blade Hands                        Transmutation                5


   Skills:
 + Level 1.6 Fighting
 + Level 2.4 Dodging
 + Level 3.3 Unarmed Combat
 - Level 2.0 Spellcasting
 - Level 1.8 Transmutations


You had 5 spell levels left.
You knew the following spells:

 Your Spells              Type           Power        Failure   Level  Hunger
a - Beastly Appendage     Trmt           ###...       1%          1    #......


Dungeon Overview and Level Annotations

Branches:
Dungeon (5/27)
 Temple: D:4-7

Altars:

Annotations:
D:3 Terence


Innate Abilities, Weirdness & Mutations

You are partially covered in large bone plates (AC +2, SH +2).


Message History

You closely miss Terence.
Terence is heavily wounded.
Terence hits you with a dwarven short sword of flaming.
* * * LOW HITPOINT WARNING * * *
Terence burns you.
* * * LOW HITPOINT WARNING * * *
You closely miss Terence.
Terence is heavily wounded.
Your horns disappear.
Terence hits you with a dwarven short sword of flaming.
* * * LOW HITPOINT WARNING * * *
Terence burns you.
* * * LOW HITPOINT WARNING * * *
Drink which item? (? for menu, Esc to quit)
You feel more clever all of a sudden.
It was a potion of brilliance.
Terence hits you but does no damage.
Drink which item? (? for menu, Esc to quit)
It has a very clean taste.
It was a potion of cure mutation.
Terence hits you with a dwarven short sword of flaming.
You die...

#........... #.##
###......... #.#
#........ #.# ######.##
#.# # #############.##
.................
#!############........##
#..............########
#......@.......##.....
........@..............#
.....?.........##.....
.....#+#######.# ....
..... #.# ... ... #.# .
. #.# #.# #.#


You could see Terence.

Vanquished Creatures
  An adder (D:2)
  3 giant cockroaches
  9 hobgoblins
  6 kobolds
  A ball python (D:2)
  4 bats
  5 giant newts
  2 goblins
  3 rats
34 creatures vanquished.

Notes
Turn   | Place    | Note
--------------------------------------------------------------
     0 | D:1      | Psiweapon, the Demonspawn Transmuter, began the quest for the Orb.
     0 | D:1      | Reached XP level 1. HP: 15/15 MP: 1/1
   558 | D:1      | Gained mutation: You are partially covered in large bone plates (AC +2, SH +2). [demonic ancestry]
   558 | D:1      | Reached XP level 2. HP: 15/21 MP: 0/3
   797 | D:1      | Reached skill level 3 in Unarmed Combat
  1598 | D:2      | Reached XP level 3. HP: 14/26 MP: 2/4
  2079 | D:2      | Upgraded the game from 0.13.0-11-g0187522 to 0.13.0-19-g8e0b589
  2434 | D:5      | Entered Level 5 of the Dungeon
  2483 | D:3      | Noticed Terence
  2501 | D:3      | Slain by Terence

Action                   || total
-------------------------++-------
Melee: Unarmed           ||   165
Throw: Dart              ||     1
 Cast: Beastly Appendage ||    22
  Use: Potion            ||     2
